Cogmind - Beta 9.6 @@@ ROGUE MODE // 2020.04.19 @ 00:20:31 Player: MistressMomoko Result: Self-destructed Performance ------------- Evolutions (1) 500 Regions Visited (2) 400 Robots Destroyed (15) 75 Value Destroyed (302) 302 Prototype IDs (0) 0 Alien Tech Used (0) 0 Bonus (0) 0 TOTAL SCORE: 1277 Bonus ------- None Cogmind --------- Core Integrity 178/400 Matter 290/300 Energy 70/100 System Corruption 0% Temperature Cool (52) Movement Core (200) Ox3 Location -9/Materials Parts ------- > --- POWER (1) -------- (None) > --- PROPULSION (2) --- (None) > --- UTILITY (4) ------ Small Storage Unit Weapon Shielding Weapon Shielding > --- WEAPON (2) ------- Particle Cannon > --- INVENTORY (6) ---- Heat Sink Heat Sink Weapon Shielding Shield Generator Recalibrator Peak State ------------ > --- POWER ------------ Ion Engine > --- PROPULSION ------- Aluminum Leg Aluminum Leg > --- UTILITY ---------- Small Storage Unit Weapon Shielding Weapon Shielding Hacking Suite > --- WEAPON ----------- Beam Cannon Light Assault Rifle > --- INVENTORY -------- Heat Sink Heat Sink Weapon Shielding Recalibrator [Rating: 11] Favorites ----------- Power Ion Engine Engine Ion Engine Propulsion Aluminum Leg Leg Aluminum Leg Wheel Wheel Utility Small Storage Unit Storage Small Storage Unit Hackware Hacking Suite Protection Weapon Shielding Weapon Beam Cannon Energy Gun Medium Laser Energy Cannon Beam Cannon Ballistic Gun Light Assault Rifle Build | -11 -10 -9 ------- Run | Scr Mat Mat Slots Evolved 2 | . . 2 Power . | . . . Propulsion . | . . . Utility 2 | . . 2 Weapon . | . . . Parts Attached 16 | 6 7 3 Power 2 | 1 1 . Engine 2 | 1 1 . Core . | . . . Reactor . | . . . Propulsion 4 | 2 2 . Treads . | . . . Leg 2 | . 2 . Wheel 2 | 2 . . Hover . | . . . Flight . | . . . Utility 4 | 1 1 2 Device . | . . . Storage 1 | 1 . . Processor . | . . . Hackware 1 | . 1 . Protection 2 | . . 2 Artifact . | . . . Weapon 6 | 2 3 1 Energy Gun 1 | 1 . . Energy Cannon 3 | . 2 1 Ballistic Gun 2 | 1 1 . Ballistic Cannon . | . . . Launcher . | . . . Special Weapon . | . . . Impact Weapon . | . . . Slashing Weapon . | . . . Piercing Weapon . | . . . Special Melee Weapon . | . . . Unidentified Prototypes . | . . . Parts Lost 12 | . 6 6 Power 2 | . 1 1 Propulsion 4 | . 2 2 Utility 1 | . . 1 Weapon 5 | . 3 2 Highest Loss Streak 6 | . 6 6 Average Slot Usage (%) 93 | . 94 91 Engine 12 | . 12 10 Leg 17 | . 16 20 Wheel 6 | . 8 . Storage 13 | . 14 11 Hackware 12 | . 12 11 Protection 4 | . . 20 Energy Gun 3 | . 4 . Energy Cannon 9 | . 8 10 Ballistic Gun 12 | . 14 9 Naked Turns . | . . . Heaviest Build 15 | 13 13 15 Greatest Support 26 | 26 26 20 Greatest Overweight (x) 1 | . 1 1 Average Overweight (x) . | . . . Largest Inventory Capacity 6 | 6 6 6 Average Capacity 5 | 4 6 6 Most Carried 6 | 4 6 5 Average Carried 2 | 1 2 4 Final Capacity 6 | 6 6 6 Final Carried 5 | 4 3 5 Class Distribution -------------------- 100% | Mutant Dominant Class ---------------- Mutant | -10/Materials Mutant | -9/Materials Resources | -11 -10 -9 ----------- Run | Scr Mat Mat Matter Collected 398 | 256 122 20 Remotely . | . . . Salvage Created 369 | . 246 123 Parts 31 | . 25 6 Haulers Intercepted . | . . . Recyclers Shooed 4 | . 4 . Parts Field Recycled . | . . . Retrieved Matter . | . . . Parts Self-Destructed . | . . . Prevented . | . . . Kills | -11 -10 -9 ------- Run | Scr Mat Mat Combat Hostiles Destroyed 12 | . 9 3 Guns 7 | . 5 2 Cannons 5 | . 4 1 Classes Destroyed 6 | . 5 1 Worker 1 | . 1 . Mechanic 1 | . 1 . Operator 1 | . 1 . Swarmer 7 | . 6 1 Grunt 3 | . 3 . Sentry 2 | . . 2 Best Kill Streak 4 | . 4 2 Combat Bots Only 4 | . 4 2 Max Kills in Single Turn 1 | . 1 1 Gunslinging . | . . . Exploded . | . . . Melee . | . . . Uniques/NPCs Destroyed . | . . . Combat | -11 -10 -9 -------- Run | Scr Mat Mat Damage Taken 1232 | . 596 636 Core 317 | . 95 222 Absorbed by Shields . | . . . Core Remaining (%) 81 | 100 62 . Volleys Fired 57 | . 44 13 Largest 2 | . 2 2 Hottest 80 | . 80 80 Shots Fired 98 | . 80 18 Gun 60 | . 55 5 Cannon 38 | . 25 13 Launcher . | . . . Special . | . . . Kinetic 49 | . 44 5 Thermal 49 | . 36 13 Explosive . | . . . Electromagnetic . | . . . Robot Hit Streak 5 | . 3 5 Robot Miss Streak 6 | . 6 4 Penetration Max . | . . . Secondary Targets . | . . . Shots Hit Robots 41 | . 30 11 Core Hits 23 | . 17 6 Critical Hits . | . . . Critical Kills . | . . . Critical Parts Destroyed . | . . . Melee Attacks . | . . . Impact . | . . . Slashing . | . . . Piercing . | . . . Sneak Attacks . | . . . Combat Hostiles . | . . . Follow-up Attacks . | . . . Damage Inflicted 652 | . 486 166 Guns 262 | . 241 21 Cannons 390 | . 245 145 Explosions . | . . . Melee . | . . . Ramming . | . . . Kinetic 198 | . 177 21 Thermal 454 | . 309 145 Explosive . | . . . Electromagnetic . | . . . Impact . | . . . Slashing . | . . . Piercing . | . . . Highest Corruption . | . . . Average Corruption . | . . . Corruption Purged . | . . . Overload Shots . | . . . Overflow Damage . | . . . Projectiles . | . . . Explosions . | . . . Melee . | . . . Knockbacks . | . . . Impact . | . . . Kinetic . | . . . Secondary . | . . . Self-Inflicted Damage . | . . . Shots . | . . . Rammed . | . . . Targets Rammed . | . . . Kicked . | . . . Crushed . | . . . Highest Temperature 420 | . 420 91 Average Temperature 98 | . 113 44 Received Heat Transfer 105 | . 60 45 Effects 3 | . 3 . Shutdowns 2 | . 2 . Energy Bleed 1 | . 1 . Siege Activations . | . . . Robots Corrupted . | . . . Combat Hostiles . | . . . Parts Fried . | . . . Impact Corruptions . | . . . Robots Melted . | . . . Combat Hostiles . | . . . Parts Melted . | . . . Heat Transferred 999 | . 703 296 Parts Sabotaged . | . . . Parts Stolen . | . . . Parts Stripped . | . . . Power Chain Reactions . | . . . Missiles Intercepted . | . . . Alert | -11 -10 -9 ------- Run | Scr Mat Mat Peak Influence 204 | . 204 155 Average Influence 111 | . 127 97 Maximum Alert Level 1 | . 1 . Low Security (%) 96 | 100 94 100 Level 1 3 | . 5 . Level 2 . | . . . Level 3 . | . . . Level 4 . | . . . Level 5 . | . . . High Security . | . . . Max Security . | . . . Squads Dispatched 1 | . 1 . Investigation 1 | . 1 . Extermination . | . . . Reinforcement . | . . . Assault . | . . . Garrison . | . . . Intercept . | . . . Construction Impeded . | . . . Haulers Reinforced . | . . . Stealth | -11 -10 -9 --------- Run | Scr Mat Mat Distress Signals . | . . . Communications Jammed . | . . . Distress Signals . | . . . Times Spotted 32 | . 16 16 Peak Tracking Total 12 | . 4 12 Tactical Retreats 2 | . 1 1 Traps | -11 -10 -9 ------- Run | Scr Mat Mat Traps Triggered . | . . . Indirectly . | . . . Trap Hack Attempts . | . . . Triggered . | . . . Disarmed . | . . . Reprogrammed . | . . . Reused . | . . . Traps Extracted . | . . . Installed . | . . . Triggered . | . . . Machines | -11 -10 -9 ---------- Run | Scr Mat Mat Machines Disabled 1 | . . 1 Max in Single Turn 1 | . . 1 Machines Sabotaged . | . . . Garrisons Compromised . | . . . Overloaded Fab Kills . | . . . Fab Network Shutdowns . | . . . Hacking | -11 -10 -9 --------- Run | Scr Mat Mat Machines Accessed 4 | . 4 . Terminals 4 | . 4 . Fabricators . | . . . Repair Stations . | . . . Recycling Units . | . . . Scanalyzers . | . . . Garrison Access . | . . . Total Hacks 10 | . 10 . Successful 4 | . 4 . Failed 6 | . 6 . Catastrophic . | . . . Database Lockouts . | . . . Manual 5 | . 5 . Terminals 10 | . 10 . Fabricators . | . . . Repair Stations . | . . . Recycling Units . | . . . Scanalyzers . | . . . Garrison Access . | . . . Terminal Hacks 4 | . 4 . Terminal Index 1 | . 1 . Alert Level 1 | . 1 . Unreport Threat 1 | . 1 . Recall Investigation 1 | . 1 . Fabricator Hacks . | . . . Repair Station Hacks . | . . . Recycling Unit Hacks . | . . . Scanalyzer . | . . . Garrison Access Hacks . | . . . Unauthorized Hacks . | . . . Terminals . | . . . Fabricators . | . . . Repair Stations . | . . . Recycling Units . | . . . Scanalyzers . | . . . Garrison Access . | . . . Data Cores Recovered 1 | . 1 . Used . | . . . Hacking Detections 1 | . 1 . Full Trace Events 1 | . 1 . Feedback Events . | . . . Feedback Blocked . | . . . Robot Schematics Acquired . | . . . Robots Built . | . . . Matter . | . . . Time . | . . . Total Robot Build Rating . | . . . Part Schematics Acquired . | . . . Parts Built . | . . . Matter . | . . . Time . | . . . Total Part Build Rating . | . . . Parts Repaired . | . . . Time . | . . . Parts Recycled . | . . . Recycled Matter . | . . . Retrieved Matter . | . . . Retrieved Components . | . . . Parts Scanalyzed . | . . . Part Schematics Acquired . | . . . Parts Damaged . | . . . Bothacking | -11 -10 -9 ------------ Run | Scr Mat Mat Used RIF Installer . | . . . Robots Hacked . | . . . Non-combat . | . . . Combat . | . . . Robot Hacks Applied . | . . . Relay Couplers Released . | . . . Robots Rewired . | . . . Allies Hacked . | . . . Hacks Repelled . | . . . Allies | -11 -10 -9 -------- Run | Scr Mat Mat Total Allies . | . . . Largest Group . | . . . Highest-Rated Group . | . . . Highest-Rated Ally . | . . . Total Orders . | . . . Ally Attacks . | . . . Total Damage . | . . . Kills . | . . . Allies Corrupted . | . . . Allies Melted . | . . . Intel | -11 -10 -9 ------- Run | Scr Mat Mat Robot Analysis Total . | . . . Derelict Logs Recovered . | . . . Drone Launches . | . . . Drone Recoveries . | . . . Exploration | -11 -10 -9 ------------- Run | Scr Mat Mat Turns Passed 547 | 42 392 113 Spaces Moved 340 | 35 241 64 Core 7 | 1 4 2 Treads . | . . . Legs 206 | . 144 62 Wheels 127 | 34 93 . Hover . | . . . Flight . | . . . Fastest Speed 50 | 50 90 100 Average Speed 107 | 84 108 119 Slowest Speed 120 | 90 120 120 Overloaded Moves . | . . . Propulsion Burnouts . | . . . Robots Hopped . | . . . Cave-ins Triggered . | . . . Exploration Rate (%) 20 | 3 46 12 Regions Visited 2 Branch Regions . Pre-discovered Areas . | . . . Known Exits Taken . | . . . Unknown Exits Taken 2 | 1 1 . Scrap Searched . | . . . Spaces Dug . | . . . Terrain Destroyed . | . . . Melee . | . . . Projectile . | . . . AOE . | . . . Actions | -11 -10 -9 --------- Run | Scr Mat Mat Total 423 | 44 297 82 Wait 1 | . 1 . Move 338 | 34 240 64 Hop . | . . . Pick Up 11 | 4 5 2 Fast Attach 10 | 6 1 3 Attach 6 | . 6 . Detach . | . . . Swap . | . . . Drop . | . . . Fire 57 | . 44 13 Melee . | . . . Ram . | . . . Kick . | . . . Crush . | . . . Escape Stasis . | . . . Rewire . | . . . Trap . | . . . Miscellaneous . | . . . Route ------- -11/Scrapyard -10/Materials (discovered 2 exits: [*Mat x2]) -9/Materials History --------- Turn | Location | Event 8 | -11/Scrapyard | Discovered new exit (range 15) 43 | -11/Scrapyard | Entered Materials 228 | -10/Materials | Lost 6 parts (1p2n3w) 276 | -10/Materials | Discovered new exit (range 16) 305 | -10/Materials | Build established: Mutant 389 | -10/Materials | Discovered new exit (range 14) 435 | -10/Materials | Entered another Materials area 435 | -9/Materials | Evolved 2 slots: Utility x2 548 | -9/Materials | Core integrity fell below 50% 548 | -9/Materials | Self-destructed Last Messages --------------- PARAMETERS=UTILITY_2 LOCATION=UNKNOWN GOAL=ESCAPE 00440_ Acquired Weapon Shielding. 00448_ Acquired 20 matter. 00470_ T-07 Excavator is excavating. 00500_ C-30 ARC bursts open, deploying its payload. 00500_ S-10 Pest unfolds itself. 00501_ Acquired Shield Generator. 00516_ Y-45 Defender destroyed. 00521_ S-10 Pest destroyed. 00524_ Lgt. Assault Rifle destroyed. 00531_ Atomic Centrifuge disabled. 00535_ Aluminum Leg destroyed. 00536_ Ion Engine destroyed. 00538_ Beam Cannon destroyed. 00538_ Aluminum Leg destroyed. 00541_ Hacking Suite destroyed. 00541_ Acquired Particle Cannon. 00544_ Y-45 Defender destroyed. Map ----- +----------------------------------------------------+ | ???????????????????????????# #??????? | | ???????????????????????????# #??????? | | ???????????????????????????# #??????? | | ???????????????????????????# #??????? | | ???????????????????????????# #??????? | | ???????????????????????????# #??????? | | ???????????????????????????# #??????? | | ???????????????????????????# #??????? | | ???????# ??????????????????# #??????? | | ???????# ?????????????????# #?###??? | | ???????# ##+############## # ???? | | ???????# #???? | | ???????# # #????? | | ???????# ||/ ###????? | | ?????????? """ !!! ||/ #??????? | | ??????#?[ """ !![ |// #??????? | | ??????# """ ! #??????? | | ???? #??????? | | ??? % #??????? | | ???? !*[###### #??????? | | ????### % ### ####%##????# #??????? | | ??????###/#???#/???#=#?????# #??????? | | ?????????????? ????#=#?????# #??????? | | ????????????? ????# #?????# #??????? | | ???????????? ????##+######? #??????? | | ????????????!?????# s@#? #??????? | | ???????????!!?????# ssssss#? #??????? | | ??????????##??????# Y s s #? #??????? | | ??????????????????#/ " "%#?? ???????? | | ??????????????????# s"""*#???????????? | | ??????????????????# """ #???????????? | | ??????????????????# ???????????? | | ??????????????????# """ ##??????????? | | ??????????????????# """ #???????????? | | ??????????????????# """ #???????????? | | ??????????????????#] ? #???????????? | | ??????????????????#####?###???????????? | | ??????????????????????????????????????? | | ??????????????????????????????????????? | | ??????????????????????????????????????? | | ??????????????????????????????????????? | | ??????????????????????????????????????? | | ??????????????????????????????????????? | | ??????????????????????????????????????? | | ??????????????????????????????????????? | | ??????????????????????????????????????? | | ??????????????????????????????????????? | | ??????????????????????????????????????? | | ??????????????????????????????????????? | | ??????????????????????????????????????? | +----------------------------------------------------+ Best States ------------- Heat Dissipation 28 Energy Generation 10 Energy Capacity 250 Matter Stores 300 Matter Capacity 300 Sight Range 16 Terrain Scan Density 10 Weapon Shielding 33 Evasion (%) 44 Offensive Hacking 10 Item Schematics ----------------- None Robot Schematics ------------------ None Fabricated ------------ Nothing Alien Tech Used ----------------- None Achievements -------------- None Challenges ------------ None Game ------ Seed AntimatterSubatomicWheel Manual? 0 Play Time 00:10:20 Cumulative 7.1 hours Start 2020.04.19 @ 00:11:30 End 2020.04.19 @ 00:20:31 Sessions 1 Manual Loads 0 Difficulty Rogue Special Mode None Game No. 28 Rogue 28 Adventurer 0 Explorer 0 Win Type - Total 0 Types 0/0/0/0/0/0/0 Lore% 12 Gallery% 17 Achievement% 15 Wizard Run 0 Options --------- ASCII 1 Keyboard 1 Movement Numpad Keybinds 0 Fullscreen 1 Font 18/X11Bold Map View 76x50 Tactical HUD 1 Map Filters NONE Filters NONE Steam 1 RUN: 49a866fa-6b11-4e95-9d5d-3cd68dd4f89a